Penguins vs Devils
Created - 28 mars 2013 at 19:05
Goals
|
| Penguins |
3 |
0 |
2 |
0 |
5 |
| Devils |
1 |
2 |
2 |
1 |
6 |
|
Shots
|
| Penguins |
16 |
7 |
14 |
0 |
37 |
| Devils |
12 |
11 |
9 |
1 |
33 |
|
1st period
1. Penguins , Andy Delmore 2 (Taylor Pyatt, Darren Reid) at 5:04
2. Penguins , Dan Hamhuis 5 (Darren Reid, Taylor Pyatt) at 6:25 (PP)
3. Penguins , Andy Delmore 3 (Carlo Colaiacovo, T.J. Hensick) at 11:40
4. Devils , Doug Weight 16 (Marian Hossa) at 19:29
Penalties :
Peter Prucha (NJD) for Hooking (Minor) at 5:36
2nd period
5. Devils , Doug Weight 17 (Marian Hossa, Sergei Zubov) at 2:20
6. Devils , Olli Jokinen 12 (Chris Kunitz, Sergei Zubov) at 15:01
Penalties :
No Penalty
3rd period
7. Penguins , Ted Purcell 16 (Andreas Johansson, Ryan Kesler) at 0:08
8. Penguins , Darcy Tucker 5 (Riley Armstrong, Ben Eager) at 3:14
9. Devils , Henrik Zetterberg 27 (Sergei Zubov, Greg De Vries) at 15:49 (SH)
10. Devils , Anze Kopitar 32 (Henrik Zetterberg, Marian Hossa) at 19:49
Penalties :
Ryan Getzlaf (Pit) for High sticking (Minor) at 3:15, Chris Kunitz (NJD) for Cross-checking (Minor) at 14:43
Overtime #1
11. Devils , Marian Hossa 21 (Olli Jokinen) at 0:10
Penalties :
No Penalty
Goalie Stats
Jason LaBarbera (Pit), 27 saves from 33 shots - (0,818), OTL, 4-7-2, 60:10 minutes
Jimmy Howard (NJD), 32 saves from 37 shots - (0,865), W, 23-16-2, 59:30 minutes
Players Stats for Penguins
Player Name G A P +/- PIM S H SB GA TA FO MP PP MP PK MP
------------------------------------------------------------------------------------
Andreas Johansson 0 1 1 -1 0 4 1 2 0 0 0/0 21:05 1:32 0:31
Andy Delmore 2 0 2 1 0 2 0 3 0 2 0/0 19:51 0:00 0:00
Ben Eager 0 1 1 1 0 0 1 0 0 0 0/0 10:04 0:00 1:02
Carlo Colaiacovo 0 1 1 -1 0 2 0 1 0 1 0/0 21:02 1:33 1:17
Dan Hamhuis 1 0 1 -2 0 2 1 0 0 0 0/0 14:41 1:15 0:42
Darcy Tucker 1 0 1 1 0 2 0 1 0 0 0/0 9:16 0:00 0:14
Darren Reid 0 2 2 -1 0 3 1 0 1 0 0/1 18:12 1:16 0:00
Marc-Édouard Vlasic 0 0 0 0 0 2 1 1 0 0 0/0 26:00 1:33 0:00
Martin Skoula 0 0 0 0 0 3 0 4 0 1 0/0 21:22 1:15 0:42
Mike Watt 0 0 0 -1 0 0 1 0 0 1 0/0 10:23 0:00 0:00
Riley Armstrong 0 1 1 1 0 0 3 2 0 0 4/4 9:50 0:00 0:45
Ruslan Fedotenko 0 0 0 -1 0 1 2 0 0 0 1/1 10:53 0:00 0:30
Ryan Getzlaf 0 0 0 0 2 3 2 0 2 0 9/20 18:04 1:16 0:00
Ryan Kesler 0 1 1 -2 0 7 1 1 2 0 10/29 20:41 1:32 0:00
Steve Staios 0 0 0 -2 0 0 0 1 0 0 0/0 17:24 0:00 1:17
T.J. Hensick 0 1 1 -1 0 2 0 0 0 0 1/2 11:19 0:00 0:56
Taylor Pyatt 0 2 2 0 0 1 1 0 0 1 1/1 18:02 1:16 0:00
Ted Purcell 1 0 1 -1 0 3 2 1 1 0 0/2 20:31 1:32 0:00
Players Stats for Devils
Player Name G A P +/- PIM S H SB GA TA FO MP PP MP PK MP
------------------------------------------------------------------------------------
Anze Kopitar 1 0 1 -1 0 3 2 0 1 0 21/31 20:59 1:00 0:47
Ben Lovejoy 0 0 0 -2 0 0 2 3 0 0 0/0 18:37 1:07 0:00
Chris Kunitz 0 1 1 1 2 2 0 0 0 0 0/0 12:26 0:00 0:00
Chris Pronger 0 0 0 -2 0 1 0 7 0 3 0/0 24:41 0:52 1:27
Doug Weight 2 0 2 1 0 3 1 0 1 0 7/15 15:51 0:00 1:47
Greg De Vries 0 1 1 3 0 1 1 2 1 0 0/0 21:17 0:00 1:21
Henrik Zetterberg 1 1 2 0 0 4 3 0 0 0 1/1 20:03 0:59 0:14
Jason Williams 0 0 0 -1 0 1 1 0 0 1 0/3 9:52 0:00 0:00
Marian Hossa 1 3 4 3 0 3 2 1 1 1 0/1 16:55 0:59 0:47
Olli Jokinen 1 1 2 2 0 2 1 0 0 0 5/6 13:14 0:59 0:00
Peter Prucha 0 0 0 1 2 1 0 0 0 0 0/0 12:21 0:00 0:00
Radek Dvorak 0 0 0 -1 0 0 2 0 0 0 0/1 9:52 0:00 0:00
Raffi Torres 0 0 0 0 0 1 4 0 0 0 0/0 10:06 0:00 0:14
Ramzi Abid 0 0 0 1 0 1 2 1 0 0 0/0 15:04 1:00 0:00
Richard Matvichuk 0 0 0 0 0 3 0 0 0 0 0/0 12:58 0:00 0:00
Roman Hamrlik 0 0 0 0 0 4 0 2 0 0 0/0 18:48 0:52 1:27
Sergei Zubov 0 3 3 5 0 3 3 4 1 1 0/0 23:59 1:07 1:21
Teemu Selanne 0 0 0 -2 0 0 1 0 1 0 0/2 20:47 1:00 1:47
3 Stars
1 - Marian Hossa (NJD)
2 - Sergei Zubov (NJD)
3 - Andy Delmore (Pit)
Power Play
Penguins - 1 on 2 Attempt(s) - 50,00%
Devils - 0 on 1 Attempt(s) - 0,00%
Penalty Kill
Penguins - 1 on 1 Attempt(s) - 100,00%
- Score 0 goal in Penalty Kill
Devils - 1 on 2 Attempt(s) - 50,00%
- Score 1 goal in Penalty Kill
Official
Referees : Ciamaga Chris and Pollock Kevin
Linesman : Tim Nowak and Bryan Pancich
Game Notes
No Game Note
Finance
Level 1 -- Attendance: 4703 (78,38%) -- Ticket Income 423 270 $
Level 2 -- Attendance: 5000 (100,00%) -- Ticket Income 250 000 $
Level 3 -- Attendance: 1926 (96,30%) -- Ticket Income 48 150 $
Level 4 -- Attendance: 2861 (71,53%) -- Ticket Income 57 220 $
Luxury Box -- Attendance: 806 (80,60%) -- Ticket Income 141 050 $
Total Attendance: 15296 (84,98%)
Total Ticket Income: 919 690 $
Total Income: 919 690 $
Penguins
5 vs 5 Forward
Center Left Wing Right Wing Time % Phy DF OF
1 Ryan Kesler Andreas Johansson Ted Purcell 38 0 1 4
2 Ryan Getzlaf Taylor Pyatt Darren Reid 38 0 1 4
3 T.J. Hensick Ruslan Fedotenko Mike Watt 17 0 1 4
4 Riley Armstrong Ben Eager Darcy Tucker 7 0 1 4
5 vs 5 Defense
Defense Defense Time % Phy DF OF
1 Andy Delmore Marc-Édouard Vlasic 40 0 1 4
2 Carlo Colaiacovo Martin Skoula 30 0 1 4
3 Dan Hamhuis Steve Staios 20 0 1 4
4 Steve Staios Marc-Édouard Vlasic 10 0 1 4
PowerPlay Forward
Center Left Wing Right Wing Time % Phy DF OF
1 Ryan Kesler Andreas Johansson Ted Purcell 60 0 1 4
2 Ryan Getzlaf Taylor Pyatt Darren Reid 40 0 1 4
PowerPlay Defense
Defense Defense Time % Phy DF OF
1 Carlo Colaiacovo Marc-Édouard Vlasic 60 0 1 4
2 Dan Hamhuis Martin Skoula 40 1 1 3
Penalty Kill 4 Players Forward
Center Wing Time % Phy DF OF
1 T.J. Hensick Ben Eager 60 1 1 3
2 Riley Armstrong Darcy Tucker 40 1 1 3
Penalty Kill 4 Players Defense
Defense Defense Time % Phy DF OF
1 Carlo Colaiacovo Steve Staios 60 1 1 3
2 Dan Hamhuis Martin Skoula 40 1 1 3
Penalty Kill - 3 Players Forward
Forward Time % Phy DF OF
1 Ben Eager 60 1 1 3
2 Riley Armstrong 40 1 1 3
Penalty Kill - 3 Players Defense
Defense Defense Time % Phy DF OF
1 Steve Staios Carlo Colaiacovo 60 1 1 3
2 Dan Hamhuis Martin Skoula 40 1 1 3
4 vs 4 Forward
Center Wing Time % Phy DF OF
1 Ryan Kesler Darren Reid 60 0 1 4
2 Ryan Getzlaf Taylor Pyatt 40 0 1 4
4 vs 4 Defense
Defense Defense Time % Phy DF OF
1 Steve Staios Marc-Édouard Vlasic 60 0 1 4
2 Dan Hamhuis Martin Skoula 40 0 1 4
Last Minutes Offensive
Center Left Wing Right Wing Defense Defense
Ryan Kesler Taylor Pyatt Darren Reid Carlo Colaiacovo Marc-Édouard Vlasic
Last Minutes Defensive
Center Left Wing Right Wing Defense Defense
Ryan Kesler Andreas Johansson Ted Purcell Carlo Colaiacovo Martin Skoula
Goaltenders
Starting : Jason LaBarbera
Backup : Brian Elliott
Extra Forwards
Normal : Ryan Getzlaf, Ryan Kesler, Taylor Pyatt - PP : Ryan Getzlaf, Ryan Kesler - PK : Ruslan Fedotenko
Extra Defensemen
Normal : Carlo Colaiacovo, Steve Staios, Dan Hamhuis - PP : Marc-Édouard Vlasic - PK : Steve Staios, Dan Hamhuis
Penalty Shots
Ryan Kesler, Ryan Getzlaf, Riley Armstrong, Darren Reid, Taylor Pyatt
Devils
5 vs 5 Forward
Center Left Wing Right Wing Time % Phy DF OF
1 Anze Kopitar Henrik Zetterberg Teemu Selanne 40 0 2 3
2 Doug Weight Ramzi Abid Marian Hossa 30 0 2 3
3 Olli Jokinen Chris Kunitz Peter Prucha 20 0 2 3
4 Jason Williams Raffi Torres Radek Dvorak 10 0 4 1
5 vs 5 Defense
Defense Defense Time % Phy DF OF
1 Sergei Zubov Greg De Vries 40 0 2 3
2 Chris Pronger Ben Lovejoy 30 0 2 3
3 Richard Matvichuk Roman Hamrlik 20 0 2 3
4 Roman Hamrlik Chris Pronger 10 0 2 3
PowerPlay Forward
Center Left Wing Right Wing Time % Phy DF OF
1 Anze Kopitar Ramzi Abid Teemu Selanne 60 0 1 4
2 Olli Jokinen Henrik Zetterberg Marian Hossa 40 0 1 4
PowerPlay Defense
Defense Defense Time % Phy DF OF
1 Sergei Zubov Ben Lovejoy 60 1 2 2
2 Chris Pronger Roman Hamrlik 40 1 2 2
Penalty Kill 4 Players Forward
Center Wing Time % Phy DF OF
1 Doug Weight Teemu Selanne 60 0 3 2
2 Anze Kopitar Marian Hossa 40 0 3 2
Penalty Kill 4 Players Defense
Defense Defense Time % Phy DF OF
1 Chris Pronger Roman Hamrlik 60 0 4 1
2 Greg De Vries Sergei Zubov 40 0 4 1
Penalty Kill - 3 Players Forward
Forward Time % Phy DF OF
1 Anze Kopitar 60 1 2 2
2 Olli Jokinen 40 1 2 2
Penalty Kill - 3 Players Defense
Defense Defense Time % Phy DF OF
1 Sergei Zubov Greg De Vries 60 1 3 1
2 Chris Pronger Richard Matvichuk 40 1 3 1
4 vs 4 Forward
Center Wing Time % Phy DF OF
1 Olli Jokinen Marian Hossa 60 1 2 2
2 Anze Kopitar Henrik Zetterberg 40 1 2 2
4 vs 4 Defense
Defense Defense Time % Phy DF OF
1 Sergei Zubov Ben Lovejoy 60 1 2 2
2 Chris Pronger Richard Matvichuk 40 1 2 2
Last Minutes Offensive
Center Left Wing Right Wing Defense Defense
Anze Kopitar Henrik Zetterberg Marian Hossa Sergei Zubov Chris Pronger
Last Minutes Defensive
Center Left Wing Right Wing Defense Defense
Anze Kopitar Henrik Zetterberg Marian Hossa Sergei Zubov Chris Pronger
Goaltenders
Starting : Jimmy Howard
Backup : Dan Ellis
Extra Forwards
Normal : Olli Jokinen, Marian Hossa, Peter Prucha - PP : Olli Jokinen, Peter Prucha - PK : Henrik Zetterberg
Extra Defensemen
Normal : Greg De Vries, Ben Lovejoy, Roman Hamrlik - PP : Richard Matvichuk - PK : Ben Lovejoy, Richard Matvichuk
Penalty Shots
Anze Kopitar, Henrik Zetterberg, Ramzi Abid, Teemu Selanne, Marian Hossa
% Time on Ice - Penguins
Lines # - Real PCT - Wanted PCT - Time Play
Normal Forward
1 - 34% - 38% - 18:14
2 - 31% - 38% - 16:46
3 - 19% - 17% - 10:23
4 - 17% - 7% - 9:02
Normal Defense
1 - 36% - 40% - 19:51
2 - 34% - 30% - 18:37
3 - 21% - 20% - 11:31
4 - 8% - 10% - 4:26
PP Forward
1 - 55% - 60% - 1:32
2 - 45% - 40% - 1:16
PP Defense
1 - 55% - 60% - 1:33
2 - 45% - 40% - 1:15
PK Forward
1 - 88% - 60% - 1:45
2 - 12% - 40% - 0:14
PK Defense
1 - 65% - 60% - 1:17
2 - 35% - 40% - 0:42
PK3 Forward
1 - 0% - 60%
2 - 0% - 40%
PK3 Defense
1 - 0% - 60%
2 - 0% - 40%
44 Forward
1 - 100% - 60% - 0:10
2 - 0% - 40% - 0:00
44 Defense
1 - 100% - 60% - 0:10
2 - 0% - 40% - 0:00
Last Minute Offensive - 0:00
Last Minute Defensive - 0:48
Total
Forward - 60:10
Defense - 60:10
|
% Time on Ice - Devils
Lines # - Real PCT - Wanted PCT - Time Play
Normal Forward
1 - 33% - 40% - 18:00
2 - 26% - 30% - 14:11
3 - 23% - 20% - 12:22
4 - 18% - 10% - 9:52
Normal Defense
1 - 42% - 40% - 22:39
2 - 26% - 30% - 14:23
3 - 23% - 20% - 12:20
4 - 9% - 10% - 5:03
PP Forward
1 - 50% - 60% - 1:00
2 - 50% - 40% - 0:59
PP Defense
1 - 56% - 60% - 1:07
2 - 44% - 40% - 0:52
PK Forward
1 - 72% - 60% - 2:01
2 - 28% - 40% - 0:47
PK Defense
1 - 52% - 60% - 1:27
2 - 48% - 40% - 1:21
PK3 Forward
1 - 0% - 60%
2 - 0% - 40%
PK3 Defense
1 - 0% - 60%
2 - 0% - 40%
44 Forward
1 - 100% - 60% - 0:10
2 - 0% - 40% - 0:00
44 Defense
1 - 100% - 60% - 0:10
2 - 0% - 40% - 0:00
Last Minute Offensive - 0:48
Last Minute Defensive - 0:00
Total
Forward - 60:10
Defense - 60:10
|
Play by Play
1st period
0:01 of 1st period - Anze Kopitar wins face-off versus Ryan Kesler in neutral zone.
0:07 of 1st period - Off-side.
0:08 of 1st period - Anze Kopitar wins face-off versus Ryan Kesler in neutral zone.
0:58 of 1st period - Snap shot by T.J. Hensick.
0:58 of 1st period - Shot Misses the Net.
1:00 of 1st period - Snap shot by Ruslan Fedotenko.
1:00 of 1st period - Deflect By T.J. Hensick.
1:00 of 1st period - Shot Misses the Net.
1:00 of 1st period - Puck is out of play.
1:01 of 1st period - Ruslan Fedotenko wins face-off versus Doug Weight in Devils zone.
1:40 of 1st period - Snap shot by Mike Watt.
1:40 of 1st period - Shot Blocked by Ben Lovejoy.
1:42 of 1st period - Slapshot by Martin Skoula.
1:42 of 1st period - Shot Misses the Net.
1:44 of 1st period - Slapshot by Martin Skoula.
1:44 of 1st period - Shot Misses the Net.
1:46 of 1st period - Slapshot by Carlo Colaiacovo.
1:46 of 1st period - Shot Blocked by Chris Pronger.
1:48 of 1st period - Wrist shot by Ruslan Fedotenko.
1:48 of 1st period - Stopped by Jimmy Howard with a rebound.
1:54 of 1st period - Wrist shot by T.J. Hensick.
1:54 of 1st period - Stopped by Jimmy Howard with a rebound.
1:56 of 1st period - Slapshot by Carlo Colaiacovo.
1:56 of 1st period - Shot Misses the Net.
1:58 of 1st period - Slapshot by Carlo Colaiacovo.
1:58 of 1st period - Deflect By T.J. Hensick.
1:58 of 1st period - Shot Misses the Net.
1:58 of 1st period - Puck is out of play.
1:59 of 1st period - Olli Jokinen wins face-off versus Ryan Kesler in Devils zone.
1:59 of 1st period - Olli Jokinen is hit by Ted Purcell.
2:25 of 1st period - Richard Matvichuk is hit by Taylor Pyatt and loses puck.
2:33 of 1st period - Off-side.
2:34 of 1st period - Henrik Zetterberg wins face-off versus Ryan Getzlaf in neutral zone.
2:39 of 1st period - Sergei Zubov is hit by Ryan Getzlaf and loses puck.
3:04 of 1st period - Slapshot by Sergei Zubov.
3:04 of 1st period - Shot Blocked by Andy Delmore.
3:06 of 1st period - Slapshot by Greg De Vries.
3:06 of 1st period - Deflect By Ted Purcell.
3:06 of 1st period - Stopped by Jason LaBarbera with a rebound.
3:08 of 1st period - Snap shot by Chris Kunitz.
3:08 of 1st period - Stopped by Jason LaBarbera with a rebound.
3:10 of 1st period - Snap shot by Olli Jokinen.
3:10 of 1st period - Stopped by Jason LaBarbera without a rebound.
3:11 of 1st period - Riley Armstrong wins face-off versus Jason Williams in Penguins zone.
3:16 of 1st period - Slapshot by Steve Staios.
3:16 of 1st period - Shot Blocked by Chris Pronger.
3:20 of 1st period - Slapshot by Riley Armstrong.
3:20 of 1st period - Shot Misses the Net.
3:22 of 1st period - Slapshot by Darcy Tucker.
3:22 of 1st period - Deflect By Riley Armstrong.
3:22 of 1st period - Shot Blocked by Chris Pronger.
3:22 of 1st period - Puck is out of play.
3:23 of 1st period - Ryan Getzlaf wins face-off versus Olli Jokinen in Devils zone.
4:17 of 1st period - Snap shot by Doug Weight.
4:17 of 1st period - Stopped by Jason LaBarbera without a rebound.
4:18 of 1st period - Ryan Getzlaf wins face-off versus Anze Kopitar in Penguins zone.
4:23 of 1st period - Slapshot by Marc-Édouard Vlasic.
4:23 of 1st period - Shot Blocked by Ben Lovejoy.
4:25 of 1st period - Snap shot by Darren Reid.
4:25 of 1st period - Shot Blocked by Chris Pronger.
4:27 of 1st period - Snap shot by Ryan Getzlaf.
4:27 of 1st period - Stopped by Jimmy Howard without a rebound.
4:28 of 1st period - Ryan Getzlaf wins face-off versus Anze Kopitar in Devils zone.
4:29 of 1st period - Snap shot by Taylor Pyatt.
4:29 of 1st period - Shot Misses the Net.
4:31 of 1st period - Slapshot by Marc-Édouard Vlasic.
4:31 of 1st period - Stopped by Jimmy Howard with a rebound.
4:54 of 1st period - Slapshot by Henrik Zetterberg.
4:54 of 1st period - Stopped by Jason LaBarbera with a rebound.
5:00 of 1st period - Wrist shot by Darren Reid.
5:00 of 1st period - Shot Misses the Net.
5:02 of 1st period - Snap shot by Taylor Pyatt.
5:02 of 1st period - Shot Misses the Net.
5:04 of 1st period - Slapshot by Andy Delmore.
5:04 of 1st period - Goal by Andy Delmore - Penguins : 1 - Devils : 0.
5:05 of 1st period - Doug Weight wins face-off versus Ryan Kesler in neutral zone.
5:19 of 1st period - Wrist shot by Ted Purcell.
5:19 of 1st period - Deflect By Andreas Johansson.
5:19 of 1st period - Shot Misses the Net.
5:19 of 1st period - Puck is out of play.
5:20 of 1st period - Olli Jokinen wins face-off versus Ryan Kesler in Devils zone.
5:30 of 1st period - Sergei Zubov is hit by Andreas Johansson and loses puck.
5:36 of 1st period - Minor Penalty to Peter Prucha for Hooking.
5:37 of 1st period - Ryan Kesler wins face-off versus Doug Weight in Devils zone.
5:38 of 1st period - Snap shot by Andreas Johansson.
5:38 of 1st period - Shot Misses the Net.
5:40 of 1st period - Snap shot by Carlo Colaiacovo.
5:40 of 1st period - Shot Blocked by Roman Hamrlik.
5:42 of 1st period - Wrist shot by Marc-Édouard Vlasic.
5:42 of 1st period - Shot Misses the Net.
5:44 of 1st period - Slapshot by Marc-Édouard Vlasic.
5:44 of 1st period - Shot Blocked by Chris Pronger.
5:46 of 1st period - Slapshot by Ryan Kesler.
5:46 of 1st period - Stopped by Jimmy Howard with a rebound.
5:48 of 1st period - Wrist shot by Ryan Kesler.
5:48 of 1st period - Stopped by Jimmy Howard with a rebound.
5:50 of 1st period - Snap shot by Ted Purcell.
5:50 of 1st period - Shot Blocked by Roman Hamrlik.
5:52 of 1st period - Snap shot by Ted Purcell.
5:52 of 1st period - Shot Misses the Net.
6:05 of 1st period - Off-side.
6:06 of 1st period - Taylor Pyatt wins face-off versus Marian Hossa in neutral zone.
6:17 of 1st period - Wrist shot by Taylor Pyatt.
6:17 of 1st period - Shot Blocked by Sergei Zubov.
6:19 of 1st period - Snap shot by Taylor Pyatt.
6:19 of 1st period - Shot Misses the Net.
6:21 of 1st period - Snap shot by Darren Reid.
6:21 of 1st period - Shot Blocked by Greg De Vries.
6:23 of 1st period - Snap shot by Darren Reid.
6:23 of 1st period - Stopped by Jimmy Howard with a rebound.
6:25 of 1st period - Snap shot by Dan Hamhuis.
6:25 of 1st period - Goal by Dan Hamhuis - Penguins : 2 - Devils : 0.
6:26 of 1st period - Ryan Kesler wins face-off versus Doug Weight in neutral zone.
6:35 of 1st period - Snap shot by Ted Purcell.
6:35 of 1st period - Stopped by Jimmy Howard without a rebound.
6:36 of 1st period - Doug Weight wins face-off versus Ryan Kesler in Devils zone.
6:43 of 1st period - Slapshot by Ryan Kesler.
6:43 of 1st period - Stopped by Jimmy Howard without a rebound.
6:44 of 1st period - Ryan Getzlaf wins face-off versus Teemu Selanne in Devils zone.
7:11 of 1st period - Raffi Torres is hit by Marc-Édouard Vlasic and loses puck.
7:36 of 1st period - Slapshot by Steve Staios.
7:36 of 1st period - Deflect By Riley Armstrong.
7:36 of 1st period - Shot Misses the Net.
7:36 of 1st period - Puck is out of play.
7:37 of 1st period - Riley Armstrong wins face-off versus Doug Weight in Devils zone.
7:53 of 1st period - Marian Hossa is hit by Riley Armstrong and loses puck.
8:18 of 1st period - Darren Reid is hit by Teemu Selanne and loses puck.
8:31 of 1st period - Snap shot by Peter Prucha.
8:31 of 1st period - Shot Blocked by Martin Skoula.
8:33 of 1st period - Wrist shot by Peter Prucha.
8:33 of 1st period - Stopped by Jason LaBarbera with a rebound.
8:35 of 1st period - Wrist shot by Olli Jokinen.
8:35 of 1st period - Shot Blocked by Ryan Kesler.
10:37 of 1st period - Wrist shot by Sergei Zubov.
10:37 of 1st period - Stopped by Jason LaBarbera with a rebound.
10:39 of 1st period - Wrist shot by Greg De Vries.
10:39 of 1st period - Shot Blocked by Darcy Tucker.
10:41 of 1st period - Slapshot by Sergei Zubov.
10:41 of 1st period - Deflect By Dan Hamhuis.
10:41 of 1st period - Stopped by Jason LaBarbera with a rebound.
11:21 of 1st period - Chris Pronger is hit by Ryan Kesler and loses puck.
11:36 of 1st period - Wrist shot by T.J. Hensick.
11:36 of 1st period - Shot Misses the Net.
11:38 of 1st period - Snap shot by Carlo Colaiacovo.
11:38 of 1st period - Stopped by Jimmy Howard with a rebound.
11:40 of 1st period - Slapshot by Andy Delmore.
11:40 of 1st period - Goal by Andy Delmore - Penguins : 3 - Devils : 0.
11:41 of 1st period - Anze Kopitar wins face-off versus Ted Purcell in neutral zone.
12:41 of 1st period - Snap shot by Ryan Getzlaf.
12:41 of 1st period - Stopped by Jimmy Howard with a rebound.
12:55 of 1st period - Slapshot by T.J. Hensick.
12:55 of 1st period - Deflect By Chris Pronger.
12:55 of 1st period - Shot Blocked by Chris Pronger.
12:55 of 1st period - Puck is out of play.
12:56 of 1st period - T.J. Hensick wins face-off versus Radek Dvorak in Devils zone.
13:27 of 1st period - Wrist shot by Anze Kopitar.
13:27 of 1st period - Stopped by Jason LaBarbera with a rebound.
13:29 of 1st period - Snap shot by Teemu Selanne.
13:29 of 1st period - Deflect By Henrik Zetterberg.
13:29 of 1st period - Shot Misses the Net.
13:29 of 1st period - Puck is out of play.
13:30 of 1st period - Ryan Kesler wins face-off versus Anze Kopitar in Penguins zone.
14:14 of 1st period - Mike Watt is hit by Greg De Vries and loses puck.
14:21 of 1st period - Greg De Vries is hit by Ruslan Fedotenko and loses puck.
14:36 of 1st period - Wrist shot by Jason Williams.
14:36 of 1st period - Stopped by Jason LaBarbera without a rebound.
14:37 of 1st period - Riley Armstrong wins face-off versus Jason Williams in Penguins zone.
15:04 of 1st period - Jason Williams is hit by Riley Armstrong.
15:20 of 1st period - Slapshot by Raffi Torres.
15:20 of 1st period - Shot Misses the Net.
15:22 of 1st period - Backhand shot by Raffi Torres.
15:22 of 1st period - Shot Blocked by Steve Staios.
15:24 of 1st period - Snap shot by Richard Matvichuk.
15:24 of 1st period - Stopped by Jason LaBarbera without a rebound.
15:25 of 1st period - Anze Kopitar wins face-off versus Ryan Kesler in Penguins zone.
16:00 of 1st period - Snap shot by Darren Reid.
16:00 of 1st period - Stopped by Jimmy Howard with a rebound.
16:02 of 1st period - Wrist shot by Ryan Getzlaf.
16:02 of 1st period - Shot Blocked by Sergei Zubov.
17:33 of 1st period - Slapshot by Andreas Johansson.
17:33 of 1st period - Stopped by Jimmy Howard with a rebound.
19:06 of 1st period - Ted Purcell is hit by Henrik Zetterberg and loses puck.
19:24 of 1st period - T.J. Hensick is hit by Ramzi Abid and loses puck.
19:29 of 1st period - Snap shot by Doug Weight.
19:29 of 1st period - Goal by Doug Weight - Penguins : 3 - Devils : 1.
19:30 of 1st period - Anze Kopitar wins face-off versus Ryan Getzlaf in neutral zone.
19:32 of 1st period - Off-side.
19:33 of 1st period - Ryan Getzlaf wins face-off versus Teemu Selanne in neutral zone.
2nd period
0:01 of 2nd period - Anze Kopitar wins face-off versus Ryan Kesler in neutral zone.
0:04 of 2nd period - Andy Delmore is hit by Ben Lovejoy.
0:35 of 2nd period - Greg De Vries is hit by Darren Reid and loses puck.
0:48 of 2nd period - Slapshot by Sergei Zubov.
0:48 of 2nd period - Shot Misses the Net.
0:50 of 2nd period - Snap shot by Chris Kunitz.
0:50 of 2nd period - Deflect By Peter Prucha.
0:50 of 2nd period - Shot Misses the Net.
0:50 of 2nd period - Puck is out of play.
0:51 of 2nd period - Olli Jokinen wins face-off versus Ryan Kesler in Penguins zone.
0:52 of 2nd period - Wrist shot by Peter Prucha.
0:52 of 2nd period - Shot Misses the Net.
0:58 of 2nd period - Wrist shot by Peter Prucha.
0:58 of 2nd period - Shot Misses the Net.
1:00 of 2nd period - Slapshot by Roman Hamrlik.
1:00 of 2nd period - Stopped by Jason LaBarbera without a rebound.
1:01 of 2nd period - Anze Kopitar wins face-off versus Ryan Kesler in Penguins zone.
1:16 of 2nd period - Snap shot by Andreas Johansson.
1:16 of 2nd period - Stopped by Jimmy Howard with a rebound.
1:31 of 2nd period - Off-side.
1:32 of 2nd period - Doug Weight wins face-off versus Ryan Getzlaf in neutral zone.
2:04 of 2nd period - Wrist shot by Taylor Pyatt.
2:04 of 2nd period - Shot Blocked by Ramzi Abid.
2:18 of 2nd period - Wrist shot by Marian Hossa.
2:18 of 2nd period - Shot Misses the Net.
2:20 of 2nd period - Snap shot by Doug Weight.
2:20 of 2nd period - Goal by Doug Weight - Penguins : 3 - Devils : 2.
2:21 of 2nd period - Anze Kopitar wins face-off versus Ryan Kesler in neutral zone.
2:33 of 2nd period - Snap shot by Anze Kopitar.
2:33 of 2nd period - Shot Blocked by Marc-Édouard Vlasic.
3:09 of 2nd period - Taylor Pyatt is hit by Marian Hossa and loses puck.
3:16 of 2nd period - Snap shot by Doug Weight.
3:16 of 2nd period - Shot Blocked by Carlo Colaiacovo.
4:00 of 2nd period - Dan Hamhuis is hit by Henrik Zetterberg and loses puck.
4:42 of 2nd period - Slapshot by Dan Hamhuis.
4:42 of 2nd period - Stopped by Jimmy Howard with a rebound.
4:52 of 2nd period - Riley Armstrong is hit by Radek Dvorak and loses puck.
5:36 of 2nd period - Dan Hamhuis is hit by Sergei Zubov and loses puck.
6:13 of 2nd period - Slapshot by Jason Williams.
6:13 of 2nd period - Shot Misses the Net.
6:39 of 2nd period - Snap shot by Henrik Zetterberg.
6:39 of 2nd period - Shot Blocked by Ted Purcell.
6:41 of 2nd period - Backhand shot by Richard Matvichuk.
6:41 of 2nd period - Stopped by Jason LaBarbera without a rebound.
6:42 of 2nd period - Ryan Getzlaf wins face-off versus Doug Weight in Penguins zone.
6:42 of 2nd period - Ryan Getzlaf is hit by Marian Hossa.
7:08 of 2nd period - Ryan Kesler is hit by Anze Kopitar and loses puck.
7:37 of 2nd period - Wrist shot by Raffi Torres.
7:37 of 2nd period - Stopped by Jason LaBarbera with a rebound.
7:59 of 2nd period - Snap shot by T.J. Hensick.
7:59 of 2nd period - Stopped by Jimmy Howard with a rebound.
8:12 of 2nd period - Olli Jokinen is hit by Mike Watt and loses puck.
8:40 of 2nd period - Slapshot by Andy Delmore.
8:40 of 2nd period - Shot Misses the Net.
8:59 of 2nd period - Off-side.
9:00 of 2nd period - Anze Kopitar wins face-off versus Ryan Getzlaf in neutral zone.
9:41 of 2nd period - Roman Hamrlik is hit by Dan Hamhuis and loses puck.
9:54 of 2nd period - Darcy Tucker is hit by Radek Dvorak and loses puck.
11:40 of 2nd period - Steve Staios is hit by Olli Jokinen and loses puck.
12:47 of 2nd period - Andy Delmore is hit by Raffi Torres and loses puck.
13:06 of 2nd period - Snap shot by Ryan Kesler.
13:06 of 2nd period - Stopped by Jimmy Howard with a rebound.
13:12 of 2nd period - Andy Delmore is hit by Sergei Zubov.
13:32 of 2nd period - Slapshot by Ruslan Fedotenko.
13:32 of 2nd period - Shot Misses the Net.
13:34 of 2nd period - Snap shot by Martin Skoula.
13:34 of 2nd period - Stopped by Jimmy Howard with a rebound.
14:05 of 2nd period - Icing by Taylor Pyatt.
14:06 of 2nd period - Doug Weight wins face-off versus Ryan Kesler in Penguins zone.
14:21 of 2nd period - Wrist shot by Marian Hossa.
14:21 of 2nd period - Stopped by Jason LaBarbera with a rebound.
14:59 of 2nd period - Wrist shot by Chris Kunitz.
14:59 of 2nd period - Shot Misses the Net.
15:01 of 2nd period - Snap shot by Olli Jokinen.
15:01 of 2nd period - Goal by Olli Jokinen - Penguins : 3 - Devils : 3.
15:02 of 2nd period - Anze Kopitar wins face-off versus Ryan Getzlaf in neutral zone.
15:38 of 2nd period - Wrist shot by Ryan Kesler.
15:38 of 2nd period - Shot Misses the Net.
15:40 of 2nd period - Snap shot by Ryan Kesler.
15:40 of 2nd period - Stopped by Jimmy Howard with a rebound.
16:00 of 2nd period - Snap shot by Chris Kunitz.
16:00 of 2nd period - Deflect By Ruslan Fedotenko.
16:00 of 2nd period - Shot Misses the Net.
16:00 of 2nd period - Puck is out of play.
16:01 of 2nd period - Anze Kopitar wins face-off versus Ryan Kesler in Penguins zone.
16:14 of 2nd period - Snap shot by Henrik Zetterberg.
16:14 of 2nd period - Deflect By Anze Kopitar.
16:14 of 2nd period - Stopped by Jason LaBarbera without a rebound.
16:15 of 2nd period - Anze Kopitar wins face-off versus Ryan Getzlaf in Penguins zone.
16:30 of 2nd period - Snap shot by Anze Kopitar.
16:30 of 2nd period - Shot Blocked by Andy Delmore.
16:43 of 2nd period - Icing by Henrik Zetterberg.
16:44 of 2nd period - Ryan Kesler wins face-off versus Anze Kopitar in Devils zone.
16:45 of 2nd period - Backhand shot by Ted Purcell.
16:45 of 2nd period - Shot Blocked by Sergei Zubov.
16:47 of 2nd period - Snap shot by Ted Purcell.
16:47 of 2nd period - Shot Misses the Net.
16:49 of 2nd period - Slapshot by Martin Skoula.
16:49 of 2nd period - Deflect By Teemu Selanne.
16:49 of 2nd period - Stopped by Jimmy Howard without a rebound.
16:50 of 2nd period - Ryan Kesler wins face-off versus Doug Weight in Devils zone.
16:55 of 2nd period - Wrist shot by Ryan Kesler.
16:55 of 2nd period - Shot Blocked by Marian Hossa.
17:36 of 2nd period - Snap shot by Taylor Pyatt.
17:36 of 2nd period - Shot Blocked by Greg De Vries.
17:57 of 2nd period - Marc-Édouard Vlasic is hit by Raffi Torres and loses puck.
18:44 of 2nd period - Wrist shot by Roman Hamrlik.
18:44 of 2nd period - Stopped by Jason LaBarbera without a rebound.
18:45 of 2nd period - Doug Weight wins face-off versus Ted Purcell in Penguins zone.
18:54 of 2nd period - Snap shot by Doug Weight.
18:54 of 2nd period - Shot Misses the Net.
18:56 of 2nd period - Slapshot by Chris Pronger.
18:56 of 2nd period - Stopped by Jason LaBarbera with a rebound.
18:58 of 2nd period - Wrist shot by Marian Hossa.
18:58 of 2nd period - Stopped by Jason LaBarbera with a rebound.
19:10 of 2nd period - Carlo Colaiacovo is hit by Anze Kopitar and loses puck.
19:15 of 2nd period - Wrist shot by Henrik Zetterberg.
19:15 of 2nd period - Stopped by Jason LaBarbera with a rebound.
19:24 of 2nd period - Icing by Taylor Pyatt.
19:25 of 2nd period - Ryan Getzlaf wins face-off versus Doug Weight in Penguins zone.
19:53 of 2nd period - Icing by Darren Reid.
19:54 of 2nd period - Ryan Kesler wins face-off versus Anze Kopitar in Penguins zone.
3rd period
0:01 of 3rd period - Ryan Kesler wins face-off versus Anze Kopitar in neutral zone.
0:08 of 3rd period - Wrist shot by Andreas Johansson.
0:08 of 3rd period - Deflect By Ted Purcell.
0:08 of 3rd period - Goal by Ted Purcell - Penguins : 4 - Devils : 3.
0:09 of 3rd period - Ryan Kesler wins face-off versus Anze Kopitar in neutral zone.
0:12 of 3rd period - Slapshot by Marc-Édouard Vlasic.
0:12 of 3rd period - Stopped by Jimmy Howard with a rebound.
0:14 of 3rd period - Slapshot by Marc-Édouard Vlasic.
0:14 of 3rd period - Shot Blocked by Chris Pronger.
0:52 of 3rd period - Wrist shot by Ryan Kesler.
0:52 of 3rd period - Stopped by Jimmy Howard with a rebound.
0:54 of 3rd period - Slapshot by Steve Staios.
0:54 of 3rd period - Shot Blocked by Ben Lovejoy.
1:22 of 3rd period - Snap shot by Chris Kunitz.
1:22 of 3rd period - Stopped by Jason LaBarbera with a rebound.
2:07 of 3rd period - Wrist shot by Andreas Johansson.
2:07 of 3rd period - Stopped by Jimmy Howard with a rebound.
2:13 of 3rd period - Slapshot by Ted Purcell.
2:13 of 3rd period - Stopped by Jimmy Howard without a rebound.
2:14 of 3rd period - Anze Kopitar wins face-off versus Ryan Getzlaf in Devils zone.
2:50 of 3rd period - Wrist shot by Marian Hossa.
2:50 of 3rd period - Shot Blocked by Martin Skoula.
2:59 of 3rd period - Icing by T.J. Hensick.
3:00 of 3rd period - Riley Armstrong wins face-off versus Jason Williams in Penguins zone.
3:00 of 3rd period - Riley Armstrong is hit by Raffi Torres.
3:14 of 3rd period - Snap shot by Darcy Tucker.
3:14 of 3rd period - Goal by Darcy Tucker - Penguins : 5 - Devils : 3.
3:15 of 3rd period - Anze Kopitar wins face-off versus Ryan Getzlaf in neutral zone.
3:15 of 3rd period - Minor Penalty to Ryan Getzlaf for High sticking.
3:16 of 3rd period - Anze Kopitar wins face-off versus T.J. Hensick in Penguins zone.
4:38 of 3rd period - Henrik Zetterberg is hit by Riley Armstrong and loses puck.
5:15 of 3rd period - Penalty to Ryan Getzlaf is over, Ryan Getzlaf is back on ice.
5:51 of 3rd period - Ted Purcell is hit by Sergei Zubov and loses puck.
6:31 of 3rd period - Roman Hamrlik is hit by Ben Eager and loses puck.
6:36 of 3rd period - Slapshot by Riley Armstrong.
6:36 of 3rd period - Shot Misses the Net.
8:07 of 3rd period - Slapshot by Carlo Colaiacovo.
8:07 of 3rd period - Shot Misses the Net.
8:32 of 3rd period - Chris Kunitz is hit by Ted Purcell and loses puck.
9:02 of 3rd period - Andy Delmore is hit by Raffi Torres and loses puck.
9:15 of 3rd period - Andy Delmore is hit by Ramzi Abid and loses puck.
9:28 of 3rd period - Wrist shot by Darcy Tucker.
9:28 of 3rd period - Stopped by Jimmy Howard with a rebound.
9:34 of 3rd period - Snap shot by Ryan Kesler.
9:34 of 3rd period - Stopped by Jimmy Howard with a rebound.
9:48 of 3rd period - Wrist shot by Darren Reid.
9:48 of 3rd period - Stopped by Jimmy Howard with a rebound.
10:02 of 3rd period - Raffi Torres is hit by Ruslan Fedotenko.
10:21 of 3rd period - Darcy Tucker is hit by Doug Weight and loses puck.
10:50 of 3rd period - Snap shot by Ryan Getzlaf.
10:50 of 3rd period - Stopped by Jimmy Howard without a rebound.
10:51 of 3rd period - Olli Jokinen wins face-off versus Ryan Kesler in Devils zone.
11:22 of 3rd period - Snap shot by Marian Hossa.
11:22 of 3rd period - Shot Misses the Net.
11:24 of 3rd period - Slapshot by Ben Lovejoy.
11:24 of 3rd period - Shot Misses the Net.
11:58 of 3rd period - Carlo Colaiacovo is hit by Jason Williams and loses puck.
12:07 of 3rd period - Snap shot by Jason Williams.
12:07 of 3rd period - Shot Blocked by Riley Armstrong.
12:49 of 3rd period - Slapshot by Sergei Zubov.
12:49 of 3rd period - Shot Blocked by Riley Armstrong.
12:57 of 3rd period - Slapshot by Sergei Zubov.
12:57 of 3rd period - Stopped by Jason LaBarbera with a rebound.
13:11 of 3rd period - Slapshot by Riley Armstrong.
13:11 of 3rd period - Shot Blocked by Sergei Zubov.
13:13 of 3rd period - Slapshot by Carlo Colaiacovo.
13:13 of 3rd period - Stopped by Jimmy Howard with a rebound.
13:15 of 3rd period - Slapshot by Martin Skoula.
13:15 of 3rd period - Shot Misses the Net.
13:17 of 3rd period - Slapshot by Martin Skoula.
13:17 of 3rd period - Stopped by Jimmy Howard without a rebound.
13:18 of 3rd period - Anze Kopitar wins face-off versus Ryan Getzlaf in Devils zone.
13:25 of 3rd period - Slapshot by Richard Matvichuk.
13:25 of 3rd period - Deflect By Henrik Zetterberg.
13:25 of 3rd period - Shot Misses the Net.
13:25 of 3rd period - Puck is out of play.
13:26 of 3rd period - Anze Kopitar wins face-off versus Ryan Getzlaf in Penguins zone.
13:39 of 3rd period - Wrist shot by Henrik Zetterberg.
13:39 of 3rd period - Shot Misses the Net.
13:41 of 3rd period - Slapshot by Richard Matvichuk.
13:41 of 3rd period - Deflect By Darren Reid.
13:41 of 3rd period - Stopped by Jason LaBarbera without a rebound.
13:42 of 3rd period - Doug Weight wins face-off versus Ryan Kesler in Penguins zone.
13:47 of 3rd period - Wrist shot by Doug Weight.
13:47 of 3rd period - Shot Blocked by Andy Delmore.
13:49 of 3rd period - Snap shot by Marian Hossa.
13:49 of 3rd period - Shot Blocked by Andreas Johansson.
13:51 of 3rd period - Snap shot by Doug Weight.
13:51 of 3rd period - Deflect By Ramzi Abid.
13:51 of 3rd period - Stopped by Jason LaBarbera with a rebound.
13:53 of 3rd period - Slapshot by Roman Hamrlik.
13:53 of 3rd period - Stopped by Jason LaBarbera with a rebound.
13:55 of 3rd period - Snap shot by Roman Hamrlik.
13:55 of 3rd period - Stopped by Jason LaBarbera without a rebound.
13:56 of 3rd period - Ryan Getzlaf wins face-off versus Anze Kopitar in Penguins zone.
14:05 of 3rd period - Greg De Vries is hit by Ryan Getzlaf and loses puck.
14:43 of 3rd period - Minor Penalty to Chris Kunitz for Cross-checking.
14:44 of 3rd period - Doug Weight wins face-off versus Ryan Kesler in Devils zone.
15:49 of 3rd period - Snap shot by Sergei Zubov.
15:49 of 3rd period - Deflect By Henrik Zetterberg.
15:49 of 3rd period - Goal by Henrik Zetterberg - Penguins : 5 - Devils : 4.
15:50 of 3rd period - Ryan Kesler wins face-off versus Doug Weight in neutral zone.
16:33 of 3rd period - Wrist shot by Sergei Zubov.
16:33 of 3rd period - Shot Blocked by Andreas Johansson.
16:35 of 3rd period - Slapshot by Greg De Vries.
16:35 of 3rd period - Shot Blocked by Martin Skoula.
16:37 of 3rd period - Snap shot by Anze Kopitar.
16:37 of 3rd period - Shot Misses the Net.
16:39 of 3rd period - Slapshot by Greg De Vries.
16:39 of 3rd period - Deflect By Marian Hossa.
16:39 of 3rd period - Shot Misses the Net.
16:39 of 3rd period - Puck is out of play.
16:40 of 3rd period - Ryan Getzlaf wins face-off versus Anze Kopitar in Penguins zone.
16:43 of 3rd period - Penalty to Chris Kunitz is over, Chris Kunitz is back on ice.
16:47 of 3rd period - Wrist shot by Taylor Pyatt.
16:47 of 3rd period - Stopped by Jimmy Howard without a rebound.
16:48 of 3rd period - Anze Kopitar wins face-off versus Ryan Getzlaf in Devils zone.
17:03 of 3rd period - Snap shot by Henrik Zetterberg.
17:03 of 3rd period - Shot Misses the Net.
18:03 of 3rd period - Off-side.
18:04 of 3rd period - Anze Kopitar wins face-off versus Ryan Kesler in neutral zone.
18:09 of 3rd period - Andy Delmore is hit by Henrik Zetterberg and loses puck.
18:42 of 3rd period - Ryan Kesler is hit by Ben Lovejoy and loses puck.
19:01 of 3rd period - Backhand shot by Andreas Johansson.
19:01 of 3rd period - Stopped by Jimmy Howard without a rebound.
19:02 of 3rd period - Mike Keenan call a timeout for Devils.
19:02 of 3rd period - Anze Kopitar wins face-off versus Ryan Kesler in Devils zone.
19:09 of 3rd period - Devils, Jimmy Howard is pulled from the net.
19:09 of 3rd period - Snap shot by Henrik Zetterberg.
19:09 of 3rd period - Stopped by Jason LaBarbera without a rebound.
19:10 of 3rd period - Ryan Kesler wins face-off versus Anze Kopitar in Penguins zone.
19:35 of 3rd period - Slapshot by Marian Hossa.
19:35 of 3rd period - Shot Misses the Net.
19:37 of 3rd period - Wrist shot by Marian Hossa.
19:37 of 3rd period - Shot Blocked by Martin Skoula.
19:39 of 3rd period - Wrist shot by Henrik Zetterberg.
19:39 of 3rd period - Shot Misses the Net.
19:47 of 3rd period - Slapshot by Henrik Zetterberg.
19:47 of 3rd period - Shot Misses the Net.
19:49 of 3rd period - Snap shot by Anze Kopitar.
19:49 of 3rd period - Goal by Anze Kopitar - Penguins : 5 - Devils : 5.
19:49 of 3rd period - Jimmy Howard from Devils was sent back in the game.
19:50 of 3rd period - Anze Kopitar wins face-off versus Ryan Kesler in neutral zone.
Overtime #1
0:01 of 1st overtime period - Olli Jokinen wins face-off versus Darren Reid in neutral zone.
0:10 of 1st overtime period - Wrist shot by Marian Hossa.
0:10 of 1st overtime period - Goal by Marian Hossa - Penguins : 5 - Devils : 6.
Output by the SimonT Hockey Simulator (STHS) for François Prévost -- Original Page W3C XHTML 1.0 Valid